 Dungeon Crawl Stone Soup version 0.32-a0-132-g2d33c3cfaf (webtiles) character file.

Game seed: 9712089585587738606

9 senseless the Scratcher (level 2, 14/14 HPs)
             Began as a Felid Shapeshifter on Feb 9, 2024.
             Quit the game on level 1 of the Dungeon.
             The game lasted 00:01:00 (246 turns).

senseless the Scratcher (Felid Shapeshifter)         Turns: 246, Time: 00:01:01

Health: 14/14      AC:  1    Str: 10    XL:     2   Next: 6%
Magic:  3/3        EV: 17    Int: 13    God:
Gold:   24         SH:  0    Dex: 15    Spells: 1/1 levels left
                                        Lives:  0   Deaths: 1

rFire   . .          .
                       - Unarmed
rCold   . . .        (shield unavailable)
rNeg    . . .        (body armour unavailable)
rPois   .            (helmet unavailable)
rElec   .            (cloak unavailable)
rCorr   .            (gloves unavailable)
SInv    +            (boots unavailable)
Will    .....        (no amulet)
Stlth   ++           (no ring)
HPRegen 0.22/turn    (no ring)
MPRegen 0.08/turn

%: no passive effects
@: beast-form
A: beast (slay +1), very small, claws 1, fangs 3, see invisible, shaggy fur 1,
stealthy paws, no weapons or thrown items, no armour, multi-lived
a: Begin Untransformation


You were on level 1 of the Dungeon.
You were a hulking beast.
You visited 1 branch of the dungeon, and saw 1 of its levels.

You collected 24 gold pieces.

Inventory:

Talismans
 b - a beast talisman
 c - a flux talisman
Scrolls
 d - a scroll of silence {unknown}
 e - a scroll of fear {unknown}
 f - a scroll of vulnerability {unknown}
Potions
 a - a potion of lignification


   Skills:
 + Level 1.2 Fighting
 + Level 2.9 Dodging
 + Level 1.0 Stealth
 + Level 3.1 Unarmed Combat
 + Level 2.8 Shapeshifting


You had one spell level left.
You didn't know any spells.
Your spell library was empty.

Dungeon Overview and Level Annotations

Branches:
Dungeon (1/15)

Altars:

Shops:
D:1 *


Innate Abilities, Weirdness & Mutations

You are a hulking beast.
Your limbs bulge with bestial killing power. (Slay +1)
You have sharp claws.
You have razor-sharp teeth.
You have supernaturally acute eyesight. (SInv)
You are covered in fur. (AC +1)
Your paws help you pounce on unaware monsters.
You are incapable of wielding weapons or throwing items.
You cannot wear armour.
You gain extra lives every three experience levels.


Message History

You are too injured to fight recklessly!
You are too injured to fight recklessly!
You are too injured to fight recklessly!
You are too injured to fight recklessly!
You are too injured to fight recklessly!
You are too injured to fight recklessly!
You are too injured to fight recklessly!
You are too injured to fight recklessly!
You are too injured to fight recklessly!
You are too injured to fight recklessly!
The kobold misses you. The goblin attacks as it pursues you!
The goblin closely misses you. The kobold attacks as it pursues you!
The kobold completely misses you.
You barely miss the kobold. The kobold completely misses you.
You barely miss the kobold. The kobold barely misses you.
You scratch the kobold.
You kill the kobold!
You have reached level 2!
You barely miss the goblin. Your bite misses the goblin.
The goblin hits you with a +0 club.
* * * LOW HITPOINT WARNING * * *
You barely miss the goblin. The goblin completely misses you.
You barely miss the goblin. The goblin misses you.
You barely miss the goblin. The goblin misses you.
You scratch the goblin.
The goblin is severely wounded.
The goblin hits you with a +0 club.
* * * LOW HITPOINT WARNING * * *
You claw the goblin!
You kill the goblin!
Your Stealth skill increases to level 1!
You scratch the endoplasm.
The endoplasm is heavily wounded.
The endoplasm freezes you.
You are frozen.
You die...
Your shape twists and changes as you die.
You rejoin the land of the living...
Unknown command.
Are you sure you want to abandon this character and quit the game? (Confirm with "yes".)

##.⌠....⌠....
##............
##..⌠...⌠...⌠..
##..............
#......⌠.......⌠
#..........⌠....
##..........(...
###.###############.####
.......h................
###.###########.###.###.
#.# #.###. #.# #.....
#.# #####. #.# #.
#.#######. #...†.....
#########.


There were no monsters in sight!

Vanquished Creatures
  A bat (D:1)
  2 goblins (D:1)
  2 hobgoblins (D:1)
  A frilled lizard (D:1)
  A kobold (D:1)
  2 rats (D:1)
9 creatures vanquished.

Notes
Turn   | Place    | Note
-------+----------+-------------------------------------------
     0 | D:1      | senseless the Felid Shapeshifter began the quest for the
                  | Orb.
     0 | D:1      | Reached XP level 1. HP: 10/10 MP: 2/2
   165 | D:1      | Found Wianabit's Assorted Antiques.
   239 | D:1      | Reached XP level 2. HP: 7/14 MP: 3/3
   245 | D:1      | Reached skill level 1 in Stealth
   245 | D:1      | Frozen to death by an endoplasm
   245 | D:1      | Lost a life (0 lives remaining)
   246 | D:1      | Quit the game

Illustrated notes

Levels and vault maps discovered:
D:1:      dpeg_arrival_lava_temple_mockup, layout_basic, serial_shops,
          nicolae_shop_waterfront, shop, shop, serial_corexii_hall,
          corexii_hall_statues_u, chequers_hall_statues_y

Skill      XL: |  1  2 |
---------------+-------+-----
Stealth        | 1 |  1.0
Fighting       | |  1.2
Dodging        | |  2.9
Unarmed Combat | |  3.1
Shapeshifting  | |  2.8

Action                     || total
---------------------------++-------
  Melee: Unarmed           ||    23
         Bite              ||     2
 Armour: Skin              ||     5
  Dodge: Dodged            ||    18

Table legend: (Time is in decaauts)
 A = Elapsed time spent in this place.
 B = Non-inter-level travel time spent in this place.
 C = Inter-level travel time spent in this place.
 D = Time resting spent in this place.
 E = Time spent auto-exploring this place.
 F = Levels seen in this place.
 G = Mean time per level.
                   A        B        C        D        E       F      G
               +--------+--------+--------+--------+--------+-----+--------+
         Total |    245 |    245 |      0 |      0 |    200 |   1 |  245.0 |
       Dungeon |    245 |    245 |      0 |      0 |    200 |   1 |  245.0 |
               +--------+--------+--------+--------+--------+-----+--------+

Top non-repeatable levels by time:
     D:1: 245 daAuts
